Map: Base du roi Sejong EC

Players

zidar

  • Race: Zerg Zerg
  • League: Gold
  • Spawn Location: 5:00

MeTaCoG - Winner!

  • Race: Zerg Zerg
  • League: Gold
  • Spawn Location: 11:00

VOD

Have the link to the VOD?

Description

Time

  • Played on: June 4, 2016, 2:44 p.m.
  • Length: 7:52
Show
View Real Time Build Order
Export as new Build Order

zidar Zerg 

Build Orders: Hatch First 

Get SALT Encoding   

  12  0:01  Drone  
  13  0:12  Overlord  
  13  0:17  Drone  
  13  0:20  Extractor  
  14  0:30  Drone x2  
  14  0:34  Drone  
  17  0:55  Hatchery  
  17  0:56  Drone  
  17  1:11  Spawning Pool  
  17  1:14  Drone  
  17  1:26  Extractor, Drone x2  
  17  1:31  Overlord  
  18  1:48  Drone  
  19  1:56  Drone  
  20  2:04  Zergling x2  
  21  2:09  Zergling x2  
  21  2:14  Queen  
  24  2:16  Queen  
  24  2:19  Zergling x4  
  14  2:46  Drone x3  
  17  3:00  Drone x2  
  19  3:22  Roach Warren  
  19  3:24  Drone x5  
  23  3:49  Drone x6  
  29  3:57  Extractor  
  21  4:48  Roach x7  
  21  4:51  Drone  
  36  4:57  Overlord  
  36  5:24  Roach x4  
  44  5:56  Overlord  
  44  5:57  Overlord x2  
  44  6:18  Roach x3  
  44  6:38  Drone x4  
  48  6:46  Drone  
  49  6:47  Drone  
  46  7:08  Roach  
  46  7:09  Roach x2  
  40  7:41  Ravager  
Show
View Real Time Build Order
Export as new Build Order

MeTaCoG Zerg - Winner!

Build Orders: 1 Base Baneling Bust, Pool First 

Get SALT Encoding   

  12  0:03  Drone  
  13  0:13  Extractor  
  12  0:25  Spawning Pool  
  11  0:29  Drone  
  11  0:35  Drone  
  13  0:45  Overlord  
  13  0:52  Drone  
  14  1:14  Zergling x6  
  17  1:20  Baneling Nest  
  16  1:26  Drone  
  17  1:44  Drone  
  18  1:47  Drone  
  18  1:48  Queen  
  21  1:59  Overlord  
  21  2:08  Drone  
  21  2:13  Baneling  
  21  2:14  Baneling  
  22  2:17  Baneling x2  
  19  2:44  Zergling x2  
  19  2:45  Zergling x4  
  19  2:46  Roach Warren  
  21  3:05  Baneling x2  
  21  3:06  Baneling  
  21  3:07  Metabolic Boost  
  21  3:15  Spine Crawler  
  21  3:17  Drone x4  
  24  3:30  Drone x2  
  26  3:36  Extractor  
  26  3:37  Overlord  
  25  3:50  Overlord  
  25  4:01  Roach  
  25  4:45  Roach x2, Zergling x2  
  29  4:49  Hatchery  
  29  4:51  Roach  
  30  4:56  Lair  
  30  4:57  Evolution Chamber  
  29  5:05  Drone  
  30  5:16  Roach x4  
  38  5:23  Zerg Ground Armor Level 1  
  38  5:28  Drone  
  38  5:41  Roach  
  39  5:48  Roach x3, Spine Crawler  
  44  5:52  Overlord  
  44  5:58  Glial Reconstitution  
  44  6:14  Zergling x8  
  48  6:36  Zergling x4  
  48  6:40  Zergling x2  
  48  6:41  Zergling x4  
  51  6:50  Zergling x2  
  52  6:55  Zergling x2  
  52  7:10  Baneling x2  
  52  7:11  Baneling x3  
  47  7:51  Hatchery  
Tags
 
Add a new tag
Caveats
  • Supply blocks, unpowered buildings, or Contaminate may cause inaccurate times.
  • Supply counts are checked every 10 seconds.